 Dungeon Crawl Stone Soup version 0.27.1-2-g3b301248ec (webtiles) character file.

Game seed: 5980936742751056491

2347 MajorAdolf the Covert (level 9, 0/91 HPs)
             Began as a Naga Wanderer on Sept 30, 2021.
             Slain by an orc wizard (4 damage)
             ... on level 8 of the Dungeon.
             The game lasted 00:16:15 (15134 turns).

MajorAdolf the Covert (Naga Wanderer)              Turns: 15134, Time: 00:16:16

Health: 0/91       AC: -3    Str: 18    XL:     9   Next: 43%
Magic:  9/9        EV:  9    Int: 12    God:
Gold:   434        SH:  5    Dex: 11    Spells: 8/8 levels left

rFire    . . .     SeeInvis +   y - +0 whip (elec)
rCold    . . .     Faith    .   (no shield)
rNeg     . . .     Spirit   .   e - +0 robe
rPois    +         Reflect  +   r - +0 helmet
rElec    .         Harm     .   (no cloak)
rCorr    .         Rampage  .   (no gloves)
Will     +....                  (no barding)
Stlth    ++++......             k - amulet of reflection
HPRegen  0.25/turn              t - ring of flight
MPRegen  0.11/turn              (no ring)

@: corroded, flying, very slow
A: AC +3, large, see invisible, deformed body, poison resistance, slowness 2,
spit poison 1, naga tail 1
a: Spit Poison


You were on level 8 of the Dungeon.
You visited 1 branch of the dungeon, and saw 9 of its levels.

You collected 434 gold pieces.

Inventory:

Hand Weapons
 a - a +2 dagger
 c - a +0 falchion
 d - a +0 quarterstaff
 p - a +2 vorpal long sword
 y - a +0 whip of electrocution (weapon)
 I - a +3 flail
 J - a +1 whip of venom
 K - a +2 dagger of venom
Missiles
 j - 2 throwing nets
 o - 28 poisoned darts
 q - 26 sling bullets
Armour
 e - a +0 robe (worn)
 r - a +0 helmet (worn)
Magical Staves
 h - a staff of earth
Jewellery
 k - an amulet of reflection (around neck)
 t - a ring of flight (left hand)
 w - a ring of ice
Wands
 u - a wand of flame (12)
 L - a wand of paralysis (6)
Scrolls
 b - a scroll of brand weapon {unknown}
 i - 2 scrolls of amnesia
 l - a scroll of enchant armour {unknown}
 m - 2 scrolls of vulnerability {unknown}
 s - 2 scrolls of immolation {unknown}
 x - 3 scrolls of teleportation {unknown}
 z - a scroll of noise {unknown}
 A - a scroll of silence {unknown}
 D - a scroll of enchant weapon {unknown}
 E - 2 scrolls of magic mapping {unknown}
 F - a scroll of blinking
Potions
 f - 4 potions of curing
 g - 2 potions of attraction
 n - 2 potions of lignification {unknown}
 v - a potion of brilliance {unknown}
 B - a potion of haste {unknown}
 C - 2 potions of heal wounds
 G - a potion of might
 H - 2 potions of mutation {unknown}


   Skills:
 + Level 9.1 Fighting
 - Level 1.0 Staves
 - Level 1.0 Throwing
 - Level 1.5 Dodging
 - Level 10.0 Stealth
 + Level 6.6 Evocations


You had 8 spell levels left.
You didn't know any spells.
Your spell library contained the following spells:

 Spells                   Type           Power      Damage    Failure   Level
 Magic Dart               Conj           0%         1d3       32%         1
 Pain                     Necr           0%         1d4       32%         1
 Blink                    Tloc           N/A        N/A       45%         2
 Call Imp                 Summ           0%         N/A       45%         2
 Searing Ray              Conj           0%         3d3       45%         2
 Slow                     Hex            0%         N/A       45%         2
 Sublimation of Blood     Necr           0%         N/A       45%         2
 Wereblood                Tmut           0%         N/A       45%         2
 Confusing Touch          Hex            0%         N/A       69%         3
 Lesser Beckoning         Tloc           0%         N/A       69%         3
 Mephitic Cloud           Conj/Pois/Air  0%         N/A       69%         3
 Stone Arrow              Conj/Erth      0%         3d7       69%         3
 Animate Armour           Summ/Erth      0%         N/A       97%         4
 Fulminant Prism          Conj/Hex       0%         3d6       97%         4
 Agony                    Necr           0%         N/A       100%        5
 Excruciating Wounds      Necr           0%         N/A       100%        5
 Manifold Assault         Tloc           0%         N/A       100%        5
 Yara's Violent Unravell  Hex/Tmut       0%         3d3       100%        5
 Summon Hydra             Summ           0%         N/A       100%        7
 Lehudib's Crystal Spear  Conj/Erth      0%         10d2      100%        8


Dungeon Overview and Level Annotations

Branches:
Dungeon (9/15)
 Temple: D:4-7         Lair: D:8-11         Orc: D:9-12

Altars:
Ashenzari
Wu Jian
Xom

Shops:
D:5 (=

Annotations:
D:1 exclusion: gnoll
D:5 exclusion: phantom, Prince Ribbit


Innate Abilities, Weirdness & Mutations

Your serpentine skin is tough. (AC +3)
You have supernaturally acute eyesight. (SInv)
Armour fits poorly on your strangely shaped body.
Your system is resistant to poisons. (rPois)
You cover ground very slowly.
You can spit poison.
You have a snake-like lower body.


Message History

The acid dragon closely misses you.
The acid dragon claws you but does no damage.
An orc wizard comes into view. It is wielding a +0 dagger.
The acid dragon bites you. The acid dragon claws you.
You hit the acid dragon but do no damage.
Lightning courses through the acid dragon!
The acid dragon is heavily wounded.
The acid dragon barely misses you. x2
You hit the acid dragon.
The acid dragon is severely wounded.
The acid dragon spits acid at you. The splash of acid hits you!
The acid corrodes you!
You are splashed with acid!
You hit the acid dragon.
The acid dragon is almost dead.
The acid dragon closely misses you. The acid dragon completely misses you.
You hit the acid dragon.
The acid dragon is almost dead.
The acid dragon bites you! The acid dragon claws you.
* * * LOW HITPOINT WARNING * * *
You hit the acid dragon.
The acid dragon is almost dead.
The acid dragon bites you!
* * * LOW HITPOINT WARNING * * *
The acid dragon barely misses you.
Unknown command.
Aiming: Throw Flame
Press: ? - help, Shift-Dir - straight line, f - acid dragon
Aim: an acid dragon (almost dead, catching its breath, 74% to hit)
The puff of flame misses the acid dragon.
The acid dragon bites you!
* * * LOW HITPOINT WARNING * * *
You block the acid dragon's attack.
The orc wizard hits you with a +0 dagger.
* * * LOW HITPOINT WARNING * * *
Aiming: Paralyse
Press: ? - help, Shift-Dir - straight line, f/p - acid dragon
Aim: an acid dragon (almost dead, chance to affect: 66%)
The acid dragon suddenly stops moving!
The orc wizard hits you with a +0 dagger.
You die...

#.# #.# ##'### #.#
#####....# #.#######
....'....###.#.....#
.####............# .#
##+####.....##(# .#
...............#
..... .#
#.#.........#########
..... .#
#............@.......
...... ##
#..#####.....oD....##
...".. # #..##
#..####.....# ......#
####...## #... ...###
....... ......##....
...# .......
#####...###. ...# #
........#.## .###.#
.# # ####....#.##
.##..#..#.# #
#..........#
#...#..#.# #


You could see an acid dragon (paralysed) and an orc wizard.

Vanquished Creatures
  Pikel (D:7)
  3 centaur zombies
  An ice beast (D:7)
  A black bear (D:6)
  A necrophage (D:7)
  A phantom (D:3)
  3 lemures (D:7)
  2 ogres (D:4)
  Blork the orc (D:5)
  A bullfrog (D:8)
  4 scorpions
  A wyvern skeleton (D:7)
  A jelly (D:6)
  2 centaur skeletons (D:7)
  2 gnoll shamans
  A hound (D:7)
  2 iguanas
  4 orc wizards (D:8)
  A killer bee zombie (D:6)
  A hound skeleton (D:4)
  Robin (D:2)
  4 gnolls (D:8)
  4 adders
  A white imp (D:6)
  A worm (D:2)
  16 orcs
  8 ball pythons
  3 bats
  7 endoplasms
  2 giant cockroaches (D:1)
  12 goblins
  13 hobgoblins
  13 jackals
  2 quokkas
  2 frilled lizards
  7 kobolds
  5 rats
135 creatures vanquished.

Vanquished Creatures (others)
  A goblin (D:3)
1 creature vanquished.

Grand Total: 136 creatures vanquished

Notes
Turn   | Place    | Note
-------+----------+-------------------------------------------
     0 | D:1      | MajorAdolf the Naga Wanderer began the quest for the Orb.
     0 | D:1      | MajorAdolf set off with the following items: a +2 dagger, a
                  | potion of berserk rage, a +0 falchion, a +0 quarterstaff, a
                  | +0 robe
     0 | D:1      | Reached XP level 1. HP: 21/21 MP: 1/1
   300 | D:1      | Reached XP level 2. HP: 28/28 MP: 2/2
   432 | D:1      | Reached skill level 5 in Stealth
   996 | D:1      | Reached XP level 3. HP: 30/34 MP: 3/3
  2255 | D:1      | Reached skill level 6 in Stealth
  2830 | D:2      | Reached XP level 4. HP: 44/44 MP: 4/4
  3165 | D:2      | Found a faded altar of an unknown god.
  3456 | D:3      | Noticed a phantom
  4352 | D:3      | Noticed Robin
  4368 | D:2      | Killed Robin
  5100 | D:2      | Reached XP level 5. HP: 50/51 MP: 5/5
  5408 | D:3      | Killed a phantom
  5409 | D:3      | Reached skill level 7 in Stealth
  5666 | D:4      | Reached skill level 5 in Fighting
  5666 | D:4      | Reached skill level 8 in Stealth
  5666 | D:4      | Reached XP level 6. HP: 60/61 MP: 6/6
  6314 | D:5      | Entered Level 5 of the Dungeon
  6620 | D:5      | Found a broken altar of Ashenzari.
  6791 | D:5      | Noticed Blork the orc
  6803 | D:5      | Killed Blork the orc
  6804 | D:5      | Reached XP level 7. HP: 24/68 MP: 7/7
  7175 | D:4      | Reached skill level 9 in Stealth
  7949 | D:4      | Reached skill level 1 in Evocations
  8576 | D:5      | Found Ereddir's Jewellery Shop.
  9448 | D:5      | Found Fofuelig's Antique Weapon Emporium.
  9612 | D:5      | Reached skill level 10 in Stealth
  9612 | D:5      | Reached XP level 8. HP: 56/78 MP: 8/8
  9676 | D:5      | Noticed Prince Ribbit
 11146 | D:6      | Found a shimmering altar of Xom.
 11398 | D:7      | Found an ornate altar of the Wu Jian Council.
 12108 | D:7      | Reached skill level 5 in Evocations
 13433 | D:7      | Noticed Pikel
 13449 | D:7      | Killed Pikel
 13450 | D:7      | Reached XP level 9. HP: 54/90 MP: 9/9
 13682 | D:7      | Found an ornate altar of the Wu Jian Council.
 14899 | D:8      | You are sucked into a shaft and drop 1 floor!
 15133 | D:8      | HP: 4/91 [orc wizard (3)]
 15134 | D:8      | Slain by an orc wizard

Illustrated notes

Levels and vault maps discovered:
D:1:      scummos_arrival_checkerplants, layout_basic, st_stairs_12
D:2:      layout_rooms, ebering_ecumenical_altar_rust, minmay_curled_crystal
D:3:      layout_rooms, uniq_robin
D:4:      layout_gridville
D:5:      layout_basic, amcnicky_altar_gilded,
          minmay_temple_entry_enclosed_plants, serial_shops, shop_scrolls,
          shop_coins, shop, nicolae_stop_n_shop_1, nicolae_square_shop,
          lemuel_flame_loot_1, uniq_prince_ribbit1, uniq_blork_the_orc
D:6:      wad_pebble_path, layout_loops_ring, kennysheep_little_box
D:7:      layout_basic, nzn_wu_jian_council_hall, minmay_misc_feat_iff,
          minmay_bent, uniq_pikel
D:8:      minmay_flawed_box, layout_basic, lemuel_old_faithful
D:9:      layout_loops_ring, erik_lair_island, hiddenorc1_lemuel,
          minmay_misc_feat_four_crosses, uniq_maurice

Skill      XL: |  1  2  3  4  5  6  7  8  9 |
---------------+----------------------------+-----
Stealth        | 5 6 8 10 | 10.0
Fighting       | 4 5 6 8 9 |  9.1
Evocations     | 3 6 |  6.6
Staves         | |  1.0
Throwing       | |  1.0
Dodging        | |  1.5

Action                   |  1- 3 |  4- 6 |  7- 9 || total
-------------------------+-------+-------+-------++-------
Melee: Dagger            |    69 |       |       ||    69
       Long sword        |       |    65 |   149 ||   214
       Whip              |       |       |    63 ||    63
 Abil: Spit Poison       |    41 |    27 |    37 ||   105
Evoke: Wand              |       |       |     9 ||     9
  Use: Scroll            |       |     6 |     3 ||     9
       Potion            |       |     1 |     1 ||     2
 Stab: Sleeping          |     1 |     3 |     4 ||     8
Armor: Robe              |    16 |    21 |    74 ||   111
Dodge: Dodged            |    39 |    49 |    86 ||   174
Block: Other             |     5 |    17 |    62 ||    84
       Reflection        |       |     5 |       ||     5
       Rpst.: Long sword |       |    16 |    17 ||    33
